 Dungeon Crawl Stone Soup version 0.29.1-13-g9f3cf754e1 (webtiles) character file.

Game seed: 9704522840515807651

21809 croobank the Prestidigitator (level 12, -19/94 HPs)
             Began as a Gnoll Wanderer on Jan 30, 2023.
             Was an Initiate of Gozag.
             Hit by a large rock thrown by a stone giant (23 damage)
             ... on level 10 of the Dungeon.
             The game lasted 01:18:17 (22597 turns).

croobank the Prestidigitator (Gnoll Wanderer)      Turns: 22597, Time: 01:18:17

Health: -19/94     AC: 16    Str: 15    XL:     12   Next: 93%
Magic:  24/24      EV:  8    Int: 14    God:    Gozag
Gold:   807        SH:  6    Dex: 11    Spells: 26/28 levels left

rFire   + . .      SeeInvis .   W - +6 scimitar of Terror {freeze, rC+}
rCold   + . .      Faith    .   O - +1 buckler {rC+}
rNeg    . . .      Spirit   .   t - +3 chain mail {Will+}
rPois   .          Reflect  .   (no helmet)
rElec   .          Harm     .   U - +0 cloak
rCorr   +          Rampage  .   (no gloves)
Will    +....                   e - +0 pair of boots
Stlth   +.........              (no amulet)
HPRegen 0.25/turn               y - ring of fire
MPRegen 0.19/turn               L - ring of resist corrosion

@: studying Evocations, invisible
A: fangs 1, strong nose, distributed training
a: Renounce Religion, Potion Petition, Call Merchant, Bribe Branch


You were on level 10 of the Dungeon.
You worshipped Gozag.
Gozag was pleased with you.
You visited 3 branches of the dungeon, and saw 14 of its levels.

You collected 2874 gold pieces.
You spent 1993 gold pieces at shops.
You paid 74 gold pieces to Gozag.

Inventory:

Hand Weapons
 a - the +8 hand axe of Equivalence {pain, Int+6 Dex+3}
   (You found it on level 6 of the Dungeon)

   In the hands of one skilled in necromantic magic, it inflicts extra damage on
   living creatures.
   Int:       It affects your intelligence (+6).
   Dex:       It affects your dexterity (+3).
 b - a +6 vorpal sling
 h - a +2 dagger of venom
 k - a +1 quarterstaff of draining
 x - a +4 flail
 F - a +2 war axe of draining
 T - a +3 vorpal hand crossbow
 W - the +6 scimitar of Terror (weapon) {freeze, rC+}
   (You bought it in a shop on level 8 of the Dungeon)

   It freezes those it strikes, dealing additional cold damage.
   It can also slow down cold-blooded creatures.
   rC:        It protects you from cold.
Missiles
 d - a silver boomerang (quivered)
 l - 34 poisoned darts
 C - 9 atropa-tipped darts
 N - 3 curare-tipped darts
Armour
 e - a +0 pair of boots (worn)
 q - a +3 leather armour of fire resistance
 t - a +3 chain mail of willpower (worn)
 z - +0 acid dragon scales
 D - the +1 leather armour of Limmub {rF+ Dex+3}
   (You found it on level 5 of the Dungeon)

   Dex:       It affects your dexterity (+3).
   rF:        It protects you from fire.
 O - a +1 buckler of cold resistance (worn)
 S - the +0 ring mail of Zity {rC+}
   (You bought it in a shop on level 2 of the Orcish Mines)

   rC:        It protects you from cold.
 U - a +0 cloak (worn)
Jewellery
 n - a ring of protection from cold
 y - a ring of fire (left hand)
 H - a ring of ice
 L - a ring of resist corrosion (right hand)
 M - an amulet of reflection
Wands
 s - a wand of mindburst (21)
 E - a wand of iceblast (8)
 I - a wand of flame (27)
Scrolls
 j - a scroll of poison
 p - a scroll of teleportation
 B - 2 scrolls of amnesia
 K - a scroll of vulnerability {unknown}
Potions
 f - a potion of flight
 g - 3 potions of mutation
 i - 3 potions of lignification
 m - 5 potions of curing
 o - 2 potions of cancellation
 r - 3 potions of brilliance
 u - 2 potions of invisibility
 v - 3 potions of magic
 A - a potion of berserk rage
 G - 3 potions of heal wounds
 P - 2 potions of resistance
 Q - 2 potions of might
 V - 2 potions of attraction


   Skills:
 + Level 8.5 Fighting
 + Level 8.0 Short Blades
 + Level 8.0 Long Blades
 + Level 8.0 Axes
 + Level 8.0 Maces & Flails
 + Level 9.3 Polearms
 + Level 8.0 Staves
 + Level 10.4 Ranged Weapons
 + Level 8.0 Throwing
 + Level 8.5 Armour
 + Level 8.0 Dodging
 + Level 9.1 Stealth
 + Level 8.0 Shields
 + Level 8.0 Unarmed Combat
 + Level 8.6 Spellcasting
 + Level 6.7 Conjurations
 + Level 6.7 Hexes
 + Level 6.7 Summonings
 + Level 6.7 Necromancy
 + Level 6.7 Translocations
 + Level 6.7 Transmutations
 + Level 6.7 Fire Magic
 + Level 6.7 Ice Magic
 + Level 6.7 Air Magic
 + Level 6.7 Earth Magic
 + Level 6.7 Poison Magic
 + Level 8.8 Invocations
 + Level 11.1 Evocations


You had 26 spell levels left.
You knew the following spells:

 Your Spells              Type           Power      Damage    Failure   Level
a - Blink                 Tloc           48%        N/A       21%         2

Your spell library contained the following spells:

 Spells                   Type           Power      Damage    Failure   Level
 Summon Small Mammal      Summ           96%        N/A       13%         1
 Call Canine Familiar     Summ           24%        N/A       36%         3
 Confusing Touch          Hex            24%        N/A       36%         3
 Dazzling Flash           Conj/Hex       48%        N/A       36%         3
 Lesser Beckoning         Tloc           24%        N/A       36%         3
 Summon Guardian Golem    Hex/Summ       24%        N/A       36%         3
 Tukima's Dance           Hex            24%        N/A       36%         3
 Leda's Liquefaction      Hex/Erth       12%        N/A       78%         4
 Passage of Golubria      Tloc           24%        N/A       78%         4
 Lee's Rapid Deconstruct  Erth           12%        3d9*      98%         5
 Manifold Assault         Tloc           24%        N/A       98%         5
 Silence                  Hex/Air        12%        N/A       98%         5
 Yara's Violent Unravell  Hex/Tmut       12%        3d7       98%         5
 Statue Form              Tmut/Erth      16%        N/A       100%        6
 Summon Cactus Giant      Summ           12%        N/A       100%        6
 Lehudib's Crystal Spear  Conj/Erth      12%        10d4      100%        8


Dungeon Overview and Level Annotations

Branches:
Dungeon (11/15)            Temple (1/1) D:5             Orc (2/2) D:9
    Elf (0/3) Orc:2
   Lair: D:8-11

Altars:
Ashenzari
Cheibriados
Dithmenos
Elyvilon
Fedhas
Gozag
Hepliaklqana
Kikubaaqudgha
Makhleb
Nemelex Xobeh
Okawaru
Qazlal
Ru
Sif Muna
Trog
Uskayaw
Vehumet
Wu Jian
Xom
Yredelemnul
Zin
The Shining One

Shops:
D:7 =   D:8 ?[!(((   Orc:2 ![[:!

Annotations:
D:2 1 runed translucent door, Crazy Yiuf
D:7 2 transporters, dornbeast's ghost, novice GnMo
D:9 2 transporters, SirLogeyBear's ghost, novice HOBe
Orc:2 exclusion: upstairs


Innate Abilities, Weirdness & Mutations

You have very sharp teeth.
Your uncanny sense of smell can sniff out nearby items.
Your experience applies equally to all skills.


Message History

There is a stone staircase leading up, spattered with blood here.
You climb upwards.
Level annotation: 2 transporters, SirLogeyBear's ghost, novice HOBe
There is a stone staircase leading down here.
You start resting.
HP restored.
Char dumped successfully.
You climb downwards.
You block the six-headed hydra's attack. x2
The six-headed hydra barely misses you.
The six-headed hydra bites you but does no damage.
The six-headed hydra bites you!
The six-headed hydra bites you but does no damage.
The stone giant hits you!! x2
The six-headed hydra bites you but does no damage.
The six-headed hydra bites you! x2
* * * LOW HITPOINT WARNING * * *
The six-headed hydra barely misses you.
The six-headed hydra bites you but does no damage.
The six-headed hydra bites you!
* * * LOW HITPOINT WARNING * * *
There is a stone staircase leading up, spattered with blood here.
You fade into invisibility!
The six-headed hydra bites you!
* * * LOW HITPOINT WARNING * * *
The six-headed hydra bites you.
* * * LOW HITPOINT WARNING * * *
The six-headed hydra bites you.
* * * LOW HITPOINT WARNING * * *
The six-headed hydra bites you but does no damage.
The six-headed hydra misses you.
The six-headed hydra closely misses you.
The stone giant closely misses you.
Blink to where?
Press: ? - help, Dir - move target
As you read the scroll of blinking, it crumbles to dust.
E - a wand of iceblast (8) (gained 5 charges)
The stone giant throws a large rock.
The large rock hits you!!
You die...
Your body crumbles into a pile of gold.

***,,* **,,*,............ **,,,,*
*** ##,..#*.##.........
*,....##*,*##....##............
***,......#.##..#................
*,,,,#.......#..#.....*##.###....
***,,#..#.##.#..#....***...####..
****#.........#..#**#.,...#*#..
##............#*#..,.B..###.
#......D...@.#*#.#.*.#.#.###
****##....C§......##....,......##
*,,*#.(?....(.....#...#,*[#.#...#
,,,............#.......,∆.ll.....
,,,.........?.....#..,*,*}#°#...#
,,,...............##.,,,,O.....##
,,,...............###.*,*l#.#.###
,,,................###.,,....#*#.
,,,.................#**,,...#*##.


You could see a stone giant (unable to see you) and a six-headed hydra (unable
to see you).

Vanquished Creatures
  An orc warlord (Orc:1)
  Nessos (Orc:2)
  Harold (D:9)
  2 boulder beetles
  A two-headed ogre (D:9)
  2 ogre magi (Orc:2)
  A centaur warrior (D:10)
  An ugly thing (D:10)
  8 orc sorcerers (Orc:2)
  An orc knight (Orc:1)
  Maurice (D:9)
  Joseph (D:7)
  A komodo dragon (shapeshifter) (D:10)
  Psyche (D:9)
  A kobold demonologist (D:10)
  Maggie (D:10)
  2 hornets (D:9)
  A meliai (D:10)
  A troll (Orc:1)
  Grinder (D:5)
  Prince Ribbit (D:8)
  Sigmund (D:2)
  2 wraiths
  10 yaks (D:9)
  2 steam dragons
  A vampire mosquito (D:9)
  4 basilisks
  2 wargs
  2 acid dragons
  2 water moccasins (D:7)
  14 orc warriors
  A sky beast (D:7)
  2 ice beasts
  9 ogres
  2 black bears (D:5)
  4 centaurs
  5 kobold brigands
  2 bullfrogs
  A scorpion (D:4)
  5 gnoll sergeants
  5 killer bees
  An electric eel (D:8)
  2 howler monkeys
  2 hounds (D:6)
  12 orc priests
  Ijyb (D:3)
  Natasha (thrice) (D:2)
  3 iguanas
  28 orc wizards
  29 gnolls
  13 adders
  A shadow imp (D:8)
  A white imp (D:7)
  An ufetubus (D:7)
  An adder zombie (D:2)
  An adder skeleton (D:2)
  2 worms
  7 dart slugs
  45 orcs
  6 endoplasms
  2 giant cockroaches
  7 goblins
  5 hobgoblins
  4 jackals
  36 kobolds
  4 quokkas
  8 ball pythons
  3 bats
  A frilled lizard (D:2)
  A quokka zombie (D:2)
  2 rats
339 creatures vanquished.

Vanquished Creatures (others)
  An orc warrior (Orc:2)
  An orc priest (Orc:2)
  An orc wizard (D:5)
  A withered plant (D:2)
4 creatures vanquished.

Grand Total: 343 creatures vanquished

Notes
Turn   | Place    | Note
-------+----------+-------------------------------------------
     0 | D:1      | croobank the Gnoll Wanderer began the quest for the Orb.
     0 | D:1      | croobank set off with the following items: a +2 sling, a +0
                  | spear, a +0 scale mail, a scroll of blinking.
     0 | D:1      | Reached XP level 1. HP: 17/17 MP: 4/4
   190 | D:1      | Reached XP level 2. HP: 23/23 MP: 5/5
   753 | D:1      | Found a faded altar of an unknown god.
   943 | D:2      | Noticed Sigmund
  1372 | D:2      | HP: 1/23 [Sigmund/+0 scythe (8)]
  1373 | D:2      | Killed Sigmund
  1374 | D:2      | Reached skill level 1 in Short Blades
  1374 | D:2      | Reached skill level 1 in Long Blades
  1374 | D:2      | Reached skill level 1 in Axes
  1374 | D:2      | Reached skill level 1 in Maces & Flails
  1374 | D:2      | Reached skill level 1 in Staves
  1374 | D:2      | Reached skill level 1 in Throwing
  1374 | D:2      | Reached skill level 1 in Dodging
  1374 | D:2      | Reached skill level 1 in Shields
  1374 | D:2      | Reached skill level 1 in Unarmed Combat
  1374 | D:2      | Reached skill level 1 in Conjurations
  1374 | D:2      | Reached skill level 1 in Hexes
  1374 | D:2      | Reached skill level 1 in Summonings
  1374 | D:2      | Reached skill level 1 in Necromancy
  1374 | D:2      | Reached skill level 1 in Translocations
  1374 | D:2      | Reached skill level 1 in Transmutations
  1374 | D:2      | Reached skill level 1 in Fire Magic
  1374 | D:2      | Reached skill level 1 in Ice Magic
  1374 | D:2      | Reached skill level 1 in Air Magic
  1374 | D:2      | Reached skill level 1 in Earth Magic
  1374 | D:2      | Reached skill level 1 in Poison Magic
  1374 | D:2      | Reached skill level 1 in Invocations
  1374 | D:2      | Reached skill level 1 in Evocations
  1374 | D:2      | Reached XP level 3. HP: 1/29 MP: 5/7
  1374 | D:2      | Reached XP level 4. HP: 2/35 MP: 5/8
  1374 | D:2      | Reached XP level 5. HP: 2/41 MP: 5/9
  1722 | D:2      | Reached XP level 6. HP: 45/47 MP: 9/11
  1784 | D:2      | Noticed Natasha
  1802 | D:2      | Killed Natasha
  1803 | D:2      | Reached skill level 5 in Polearms
  1803 | D:2      | Reached skill level 2 in Evocations
  1852 | D:2      | Noticed Natasha
  1865 | D:2      | Killed Natasha
  1926 | D:2      | Noticed Natasha
  1938 | D:2      | HP: 2/47 [Natasha (6)]
  1939 | D:2      | Killed Natasha
  2336 | D:2      | Found a runed translucent door.
  2337 | D:2      | Noticed Crazy Yiuf
  3282 | D:1      | HP: 2/47 [gnoll/+0 whip (3)]
  3610 | D:3      | Noticed Ijyb
  3619 | D:3      | Killed Ijyb
  3620 | D:3      | Reached XP level 7. HP: 48/52 MP: 12/12
  3833 | D:3      | Found a bloodstained altar of Trog.
  4341 | D:4      | You fall into a shaft and drop 2 floors!
  4350 | D:6      | Identified the +8 hand axe of Equivalence {pain, Int+6
                  | Dex+3}
  4481 | D:5      | Entered Level 5 of the Dungeon
  4566 | D:5      | Reached skill level 5 in Stealth
  4828 | D:4      | Found a glowing silver altar of Zin.
  4836 | D:4      | Reached skill level 3 in Evocations
  5250 | D:5      | Noticed Grinder
  5254 | D:5      | Killed Grinder
  5255 | D:5      | Reached XP level 8. HP: 60/60 MP: 14/14
  5355 | D:5      | Identified the +1 leather armour of Limmub {rF+ Dex+3}
  5574 | D:5      | Reached skill level 4 in Evocations
  5783 | D:5      | Found a staircase to the Ecumenical Temple.
  6216 | D:6      | Reached skill level 5 in Evocations
  6426 | D:6      | Reached XP level 9. HP: 66/66 MP: 16/16
  6466 | Temple   | Entered the Ecumenical Temple
  6474 | Temple   | Became a worshipper of Gozag Ym Sagoz the Greedy
  7479 | D:6      | Found a sparkling altar of Nemelex Xobeh.
  7479 | D:6      | Found a radiant altar of Vehumet.
  7626 | D:7      | Learned a level 2 spell: Blink
  7680 | D:7      | Noticed Joseph
  7695 | D:7      | Killed Joseph
  7696 | D:7      | Reached skill level 5 in Fighting
  7696 | D:7      | Reached skill level 5 in Armour
  7696 | D:7      | Reached skill level 5 in Spellcasting
  8053 | D:7      | Got the Parchment of Charming Rallying
  8134 | D:7      | Found a transporter.
  8139 | D:7      | Found a transporter.
  8140 | D:7      | Noticed dornbeast's ghost (novice GnMo)
  8170 | D:7      | Found Zuucrips's Jewellery Shoppe.
  8720 | D:7      | Bought a ring of resist corrosion for 260 gold pieces
  9561 | D:7      | Reached skill level 5 in Invocations
  9561 | D:7      | Reached skill level 6 in Evocations
 10976 | D:8      | Reached skill level 5 in Short Blades
 10976 | D:8      | Reached skill level 5 in Long Blades
 10976 | D:8      | Reached skill level 5 in Axes
 10976 | D:8      | Reached skill level 5 in Maces & Flails
 10976 | D:8      | Reached skill level 5 in Staves
 10976 | D:8      | Reached skill level 5 in Throwing
 10976 | D:8      | Reached skill level 5 in Dodging
 10976 | D:8      | Reached skill level 5 in Shields
 10976 | D:8      | Reached skill level 5 in Unarmed Combat
 10996 | D:8      | Reached XP level 10. HP: 56/76 MP: 18/18
 11254 | D:8      | Found Nimpohozua's Magic Scroll Shop.
 11254 | D:8      | Found Cinkocae's Antique Weapon Shoppe.
 11256 | D:8      | Found Docezxipne's Armour Boutique.
 11256 | D:8      | Found Seogg's Antique Weapon Emporium.
 11258 | D:8      | Found Wigyr's Distillery.
 11258 | D:8      | Found Odduzieps's Antique Weapon Shoppe.
 11294 | D:8      | Bought a scroll of butterflies for 48 gold pieces
 11294 | D:8      | Bought a scroll of identify for 24 gold pieces
 11294 | D:8      | Bought a scroll of identify for 24 gold pieces
 11300 | D:8      | Bought a potion of berserk rage for 50 gold pieces
 11300 | D:8      | Bought a potion of might for 40 gold pieces
 11305 | D:8      | Bought a runed hand crossbow for 221 gold pieces
 11378 | D:8      | HP: 3/76 [steam dragon (1)]
 12062 | D:8      | Noticed Prince Ribbit
 12089 | D:8      | Killed Prince Ribbit
 12090 | D:8      | Reached skill level 7 in Evocations
 12391 | D:9      | Noticed a two-headed ogre
 12395 | D:9      | Noticed SirLogeyBear's ghost (novice HOBe)
 12403 | D:9      | Noticed a centaur warrior
 12593 | D:9      | Noticed Harold
 13336 | D:9      | Found a staircase to the Orcish Mines.
 13502 | D:9      | Noticed Maurice
 13508 | D:9      | Killed Maurice
 13748 | D:9      | Noticed Psyche
 13756 | D:9      | Killed Psyche
 13891 | D:9      | Found a transporter.
 13891 | D:9      | Found a transporter.
 14011 | D:9      | Reached skill level 8 in Evocations
 14031 | D:9      | Reached skill level 5 in Conjurations
 14031 | D:9      | Reached skill level 5 in Hexes
 14031 | D:9      | Reached skill level 5 in Summonings
 14031 | D:9      | Reached skill level 5 in Necromancy
 14031 | D:9      | Reached skill level 5 in Translocations
 14031 | D:9      | Reached skill level 5 in Transmutations
 14031 | D:9      | Reached skill level 5 in Fire Magic
 14031 | D:9      | Reached skill level 5 in Ice Magic
 14031 | D:9      | Reached skill level 5 in Air Magic
 14031 | D:9      | Reached skill level 5 in Earth Magic
 14031 | D:9      | Reached skill level 5 in Poison Magic
 14037 | D:9      | Reached XP level 11. HP: 65/83 MP: 21/21
 14684 | D:9      | Killed Harold
 14826 | D:10     | Entered Level 10 of the Dungeon
 14839 | D:10     | Noticed Maggie
 14854 | D:10     | Killed Maggie
 15267 | D:10     | Noticed a centaur warrior
 15267 | D:10     | Noticed a boulder beetle
 15269 | D:10     | Noticed a manticore
 15269 | D:10     | Noticed a brown ugly thing
 15270 | D:10     | Noticed a centaur warrior
 15270 | D:10     | Noticed a four-headed hydra
 15270 | D:10     | Noticed a six-headed hydra
 15271 | D:10     | Noticed a boulder beetle
 15281 | D:10     | Killed a boulder beetle
 15304 | D:10     | Noticed a stone giant
 15304 | D:10     | Noticed a two-headed ogre
 15306 | D:10     | Noticed a boulder beetle
 16080 | D:9      | Reached skill level 9 in Evocations
 16269 | D:11     | Noticed a six-headed hydra
 16654 | Orc:1    | Entered Level 1 of the Orcish Mines
 16881 | Orc:2    | Entered Level 2 of the Orcish Mines
 17248 | Orc:2    | Noticed an orc knight
 17387 | Orc:1    | Killed an orc knight
 18341 | Orc:1    | Noticed an orc warlord
 18739 | Orc:2    | Found a staircase to the Elven Halls.
 19055 | Orc:1    | Killed an orc warlord
 19452 | Orc:1    | Reached XP level 12. HP: 91/91 MP: 23/23
 19752 | Orc:2    | Noticed Nessos
 19771 | Orc:2    | Killed Nessos
 19772 | Orc:2    | Reached skill level 10 in Evocations
 20221 | Orc:2    | Found Qiryg's Distillery.
 20229 | Orc:2    | Bought a potion of invisibility for 120 gold pieces
 20229 | Orc:2    | Bought a potion of heal wounds for 75 gold pieces
 20229 | Orc:2    | Bought a potion of heal wounds for 75 gold pieces
 20229 | Orc:2    | Bought 2 potions of heal wounds for 150 gold pieces
 20229 | Orc:2    | Bought a potion of curing for 45 gold pieces
 20229 | Orc:2    | Bought 2 potions of curing for 90 gold pieces
 20470 | Orc:2    | Noticed a sun demon
 20478 | Orc:2    | Found Okup's Antique Armour Boutique.
 20499 | Orc:2    | Noticed an ogre mage
 20521 | Orc:2    | Killed an ogre mage
 20844 | Orc:2    | Bought a masterwork ring mail for 315 gold pieces
 20844 | Orc:2    | Identified the +0 ring mail of Zity {rC+} (You bought it in
                  | a shop on level 2 of the Orcish Mines)
 20855 | Orc:2    | Found Feikhlob's Antique Armour Shop.
 20873 | Orc:2    | Found an ancient bone altar of Kikubaaqudgha.
 20890 | Orc:2    | Reached skill level 10 in Ranged Weapons
 20942 | Orc:2    | Noticed a sun demon
 21135 | Orc:2    | Found Fiydau's Book Boutique.
 21135 | Orc:2    | Noticed an ogre mage
 21145 | Orc:2    | Killed an ogre mage
 21469 | Orc:2    | Found a radiant altar of Vehumet.
 21496 | Orc:2    | Found Riywehex's Distillery.
 21505 | Orc:2    | Bought a potion of might for 40 gold pieces
 21505 | Orc:2    | Bought a potion of heal wounds for 50 gold pieces
 21505 | Orc:2    | Bought 2 potions of attraction for 60 gold pieces
 21845 | D:8      | Bought a translucent scimitar for 306 gold pieces
 21845 | D:8      | Identified the +6 scimitar of Terror {freeze, rC+} (You
                  | bought it in a shop on level 8 of the Dungeon)
 21911 | D:9      | Killed a two-headed ogre
 21941 | D:9      | Killed a boulder beetle
 22209 | D:10     | Reached skill level 11 in Evocations
 22215 | D:10     | Killed a centaur warrior
 22595 | D:10     | HP: 3/94 [six-headed hydra (2)]
 22597 | D:10     | Hit by a large rock thrown by a stone giant

Illustrated notes

Levels and vault maps discovered:
D:1:      dpeg_arrival_houses_and_road, layout_loops_ring,
          shapermc_ecumenical_altar_mp_urbaneastern
D:2:      layout_rooms, serial_undead, serial_undead_b, serial_undead_e,
          serial_undead_d, serial_undead_c, uniq_natasha, uniq_sigmund,
          uniq_crazy_yiuf_cottage
D:3:      layout_rooms, mainiacjoe_overflow_alcove_4, minmay_statues_item,
          minmay_tree_intersection, uniq_ijyb
D:4:      layout_gridville, overflow_temple_1_default,
          kennysheep_generic_room_12
D:5:      layout_basic, minmay_temple_entry_from_below_a, uniq_grinder
D:6:      layout_layer_cave, nicolae_overflow_two_pavilions
D:7:      layout_loops_ring, serial_shops, nicolae_take_the_stairs,
          gammafunk_ghost_hive, hangedman_decor_growths, hangedman_glass_teeth,
          hangedman_abyss_or_decor_jellyfish_corner, uniq_joseph
D:8:      layout_loops_ring, nicolae_water_bricks, nicolae_wooded_promenade,
          uniq_prince_ribbit1
D:9:      layout_loops_ring, orc_0_dummy, nzn_ghost_randoct,
          nicolae_two_hexagons, amcnicky_mini_corridor_feature, fountainhead,
          uniq_harold, uniq_maurice, uniq_psyche
D:10:     minmay_roctagon, layout_cave_pools, serial_shops, shop_coins,
          nicolae_trove_entry_path_of_doom, minmay_misc_feat_diagonals,
          minivault_28, uniq_maggie
D:11:     nicolae_cairo_tiling_large_dashed, layout_basic,
          portal_ice_cave_entry_ice_simulacra, kennysheep_just_a_vault,
          uniq_grum, uniq_fannar
Temple:   nicolae_temple_no_exploring_needed
Orc:1:    layout_diamond_mine
Orc:2:    kennysheep_orc_mage_school, layout_diamond_mine, serial_shops,
          nicolae_shop_behind_doors, uniq_nessos

Skill      XL: |  1  2  3  4  5  6  7  8  9 10 11 12 |
---------------+-------------------------------------+-----
Fighting       | 3 4 5 6 7 8 |  8.5
Short Blades   | 1 2 3 5 6 7 8 |  8.0
Long Blades    | 1 2 3 5 6 7 8 |  8.0
Axes           | 1 2 3 5 6 7 8 |  8.0
Maces & Flails | 1 2 3 5 6 7 8 |  8.0
Staves         | 1 2 3 5 6 7 8 |  8.0
Throwing       | 1 2 3 5 6 7 8 |  8.0
Armour         | 3 4 5 6 7 8 |  8.5
Dodging        | 1 2 3 5 6 7 8 |  8.0
Shields        | 1 2 3 5 6 7 8 |  8.0
Unarmed Combat | 1 2 3 5 6 7 8 |  8.0
Spellcasting   | 3 4 5 6 7 8 |  8.6
Conjurations   | 1 2 3 4 5 6 |  6.7
Hexes          | 1 2 3 4 5 6 |  6.7
Summonings     | 1 2 3 4 5 6 |  6.7
Necromancy     | 1 2 3 4 5 6 |  6.7
Translocations | 1 2 3 4 5 6 |  6.7
Transmutations | 1 2 3 4 5 6 |  6.7
Fire Magic     | 1 2 3 4 5 6 |  6.7
Ice Magic      | 1 2 3 4 5 6 |  6.7
Air Magic      | 1 2 3 4 5 6 |  6.7
Earth Magic    | 1 2 3 4 5 6 |  6.7
Poison Magic   | 1 2 3 4 5 6 |  6.7
Invocations    | 1 2 3 4 5 6 7 8 |  8.8
Evocations     | 1 2 3 5 6 8 9 11 | 11.1
Polearms       | 5 6 7 8 9 |  9.3
Ranged Weapons | 7 8 9 10 | 10.4
Stealth        | 5 6 7 8 9 |  9.1

Action                   |  1- 3 |  4- 6 |  7- 9 | 10-12 || total
-------------------------+-------+-------+-------+-------++-------
Melee: Hand axe          |       |       |   262 |   558 ||   820
       Bite              |       |       |    33 |    92 ||   125
       Punch             |       |       |     6 |       ||     6
       Dagger            |       |       |    37 |       ||    37
       Scimitar          |       |       |       |    40 ||    40
 Fire: Sling             |    84 |   197 |    83 |    35 ||   399
Throw: Throwing net      |       |       |       |     3 ||     3
       Boomerang         |       |       |       |     1 ||     1
Evoke: Wand              |       |       |     7 |    23 ||    30
  Use: Scroll            |       |     5 |     8 |    17 ||    30
       Potion            |       |     3 |     7 |     6 ||    16
 Stab: Sleeping          |       |       |     1 |     1 ||     2
       Paralysed         |       |       |     4 |    29 ||    33
       Distracted        |       |       |     1 |     5 ||     6
       Invisible         |       |       |       |     6 ||     6
       Held in net/web   |       |       |       |     2 ||     2
Armor: Scale mail        |    12 |   161 |   165 |    49 ||   387
       Chain mail        |       |       |       |   148 ||   148
       Acid dragon scale |       |       |       |    13 ||    13
Dodge: Dodged            |    26 |   151 |   172 |   182 ||   531
Block: Buckler           |       |       |    25 |   175 ||   200
